cohdb
Replays
Latest Replays
All Replays
Popular Replays
Top Player Replays
Match Explorer
How It Works
Community
CoH3 Stats
Reddit
Sign in to upload your games and track your stats! →
Sign in with Steam
Match 44242737
Unlisted
Match 44242737
Overview
Messages
Build Orders
End
Kradschützen Motorcycle Team
Panzergrenadier Squad
Panzergrenadier Squad
Panzergrenadier Squad
Selects Panzerjäger Kommand Battlegroup
Selects Mine Fields
Construct Light Support Kompanie
2.5-tonne Medical Truck
MG34 Team
Fire Support Elements
le.IG 18 Support Gun Team
Pak 38 Anti-tank Gun Team
Selects Defensive Positions
Flakvierling Half-track
le.IG 18 Support Gun Team
Tungsten Core Ammunition
Construct Panzerarmee Kommand
Pak 38 Anti-tank Gun Team
Selects Butterfly Bomb Drop
Selects Tank Busters
Selects Crew Shock Tactics
Panzerjäger Squad
Panzerjäger Squad
DrewP
Dillbro
toto
STEVE♂RAMBO♂
0
0
Comments
sign in to comment!
No comments posted yet!